 Dungeon Crawl Stone Soup version 0.23.2 (webtiles) character file.

Game seed: 1916580684529163945

145 aelisj the Poker (level 5, -4/42 HPs)
             Began as a Merfolk Gladiator on Apr 12, 2019.
             Slain by a gnoll
             ... wielding a +2 flail of protection
              (6 damage)
             ... on level 3 of the Dungeon.
             The game lasted 00:14:41 (2553 turns).

aelisj the Poker (Merfolk Gladiator)                Turns: 2553, Time: 00:14:42

Health: -4/42      AC:  7    Str: 15    XL:     5   Next: 27%
Magic:  5/5        EV: 12    Int:  8    God:
Gold:   122        SH:  3    Dex: 15    Spells: 4/4 levels left

rFire    . . .     SeeInvis .   a - +0 trident
rCold    . . .     Gourm    .   w - +0 buckler
rNeg     . . .     Faith    .   j - +0 ring mail
rPois    .         Spirit   .   p - +0 helmet
rElec    .         Reflect  .   (no cloak)
rCorr    .         Harm     .   e - +0 pair of gloves
MR       .....                  (no boots)
Stlth    +.........             (no amulet)
HPRegen  0.14/turn              (no ring)
MPRegen  0.09/turn              (no ring)

@: no status effects
A: change form in water, swift swim, stealthy swim
a: no special abilities


You were on level 3 of the Dungeon.
You were not hungry.

You visited 1 branch of the dungeon, and saw 3 of its levels.

You collected 122 gold pieces.

Inventory:

Hand Weapons
 a - a +0 trident (weapon)
Missiles
 d - 3 throwing nets (quivered)
 k - 23 stones
 o - 2 tomahawks
Armour
 b - a +0 leather armour
 c - a +0 helmet
 e - a +0 pair of gloves (worn)
 g - a +0 pair of gloves
 j - a +0 ring mail (worn)
 p - a +0 helmet (worn)
 w - a +0 buckler (worn)
Scrolls
 h - 2 scrolls of immolation {unknown}
 m - 2 scrolls of enchant armour {unknown}
 q - a scroll of blinking {unknown}
 r - a scroll of magic mapping {unknown}
 u - a scroll of remove curse {unknown}
 v - a scroll of identify {unknown}
Potions
 i - a potion of curing {unknown}
 n - 2 potions of brilliance {unknown}
 s - a potion of resistance {unknown}
 t - a potion of agility
Comestibles
 f - 6 rations
 l - 6 chunks of flesh


   Skills:
 * Level 4.0 Fighting
 * Level 6.2 Polearms
 - Level 2.0 Throwing
 + Level 4.9 Dodging
 + Level 0.3 Shields


You had 4 spell levels left.
You didn't know any spells.
Your spell library was empty.

Dungeon Overview and Level Annotations

Branches:
Dungeon (3/15)

Altars:


Message History

8 gold pieces; a gnoll corpse You hit the gnoll but do no damage.
The gnoll closely misses you. The gnoll hits you with a +0 spear.
* * * LOW HITPOINT WARNING * * *
You barely miss the gnoll. The gnoll closely misses you.
The gnoll hits you but does no damage. The gnoll hits you with a +0 spear!
* * * LOW HITPOINT WARNING * * *
The gnoll hits you from afar with a +0 spear.
* * * LOW HITPOINT WARNING * * *
You puncture the gnoll!
The gnoll is heavily wounded.
The gnoll closely misses you. You block the gnoll's attack.
You hit the gnoll.
The gnoll is severely wounded.
The gnoll misses you.
You hit the gnoll but do no damage.
The gnoll is severely wounded.
The gnoll hits you with a +2 flail of protection.
You die...

...g).. ####.####....# ..g..#
#....##....#.# .....# #...##^..#
....# #...##...### ...######
#...##.#...## .........
#####...##.#..... .....########
#.......##.##....
(.(...g...(.#####(......##..#....
.....####..(..$g@................
..........###.g.............#....
..รท..######
####................. .....#
#######........... .....#
#........).. .....# #..........)
###### ##.......... ##...##...#
##########


You could see 2 gnolls.

Vanquished Creatures
  Robin (D:2)
  A gnoll (D:3)
  2 adders
  An ooze (D:1)
  6 dart slugs
  A leopard gecko (D:2)
  5 orcs
  7 bats
  6 giant cockroaches (D:1)
  14 goblins
  6 hobgoblins
  8 jackals
  6 kobolds
  A quokka (D:2)
  4 frilled lizards
  7 rats
76 creatures vanquished.

Notes
Turn   | Place    | Note
-------+----------+-------------------------------------------
     0 | D:1      | aelisj the Merfolk Gladiator began the quest for the Orb.
     0 | D:1      | Reached XP level 1. HP: 16/16 MP: 1/1
    94 | D:1      | Reached XP level 2. HP: 19/23 MP: 2/2
   387 | D:1      | Reached skill level 5 in Polearms
   405 | D:1      | Reached XP level 3. HP: 17/28 MP: 3/3
  1342 | D:2      | Reached XP level 4. HP: 34/35 MP: 4/4
  1404 | D:2      | Noticed Robin
  1515 | D:2      | Killed Robin
  2012 | D:3      | Reached skill level 6 in Polearms
  2356 | D:2      | Reached XP level 5. HP: 42/42 MP: 5/5
  2550 | D:3      | HP: 2/42 [gnoll/+0 spear (2)]
  2553 | D:3      | Slain by a gnoll

Skill      XL: |  1  2  3  4  5 |
---------------+----------------+-----
Polearms       | 5 6 |  6.2
Fighting       | 3 4 |  4.0
Throwing       | |  2.0
Dodging        | |  4.9
Shields        | |  0.3

Action                   |  1- 3 |  4- 6 || total
-------------------------+-------+-------++-------
Melee: Trident           |   142 |   115 ||   257
  Eat: Chunk             |     2 |     4 ||     6
Armor: Leather armour    |    10 |       ||    10
       Ring mail         |    36 |    52 ||    88
Dodge: Dodged            |   105 |   106 ||   211
Block: Buckler           |       |     9 ||     9
